 Dungeon Crawl Stone Soup version 0.29-a0-72-g1732ff48e7 (webtiles) character file.

Game seed: 14542248824993197899

51 tatocazan the Bolt Thrower (level 4, -1/34 HPs)
             Began as a Formicid Hunter on Feb 3, 2022.
             Frozen to death by an endoplasm (2 damage)
             ... on level 4 of the Dungeon.
             The game lasted 00:02:17 (1723 turns).

tatocazan the Bolt Thrower (Formicid Hunter)        Turns: 1723, Time: 00:02:17

Health: -1/34      AC:  5    Str: 19    XL:     4   Next: 5%
Magic:  4/4        EV: 11    Int: 10    God:
Gold:   37         SH:  0    Dex: 11    Spells: 3/3 levels left

rFire   . . .      SeeInvis +   h - +2 dagger (drain)
rCold   . . .      Faith    .   (no shield)
rNeg    . . .      Spirit   .   g - +0 ring mail
rPois   .          Reflect  .   (helmet unavailable)
rElec   .          Harm     .   (no cloak)
rCorr   .          Rampage  .   (no gloves)
Will    .....                   (no boots)
Stlth   +.........              (no amulet)
HPRegen 0.11/turn               (no ring)
MPRegen 0.09/turn               (no ring)

@: no status effects
A: permanent stasis, dig shafts and tunnels, antennae 3, four strong arms
a: Dig, Shaft Self


You were on level 4 of the Dungeon.
You visited 1 branch of the dungeon, and saw 4 of its levels.

You collected 37 gold pieces.

Inventory:

Hand Weapons
 a - a +1 hand crossbow
 h - a +2 dagger of draining (weapon)
Missiles
 d - 46 bolts
Armour
 c - a +0 leather armour
 g - a +0 ring mail (worn)
Scrolls
 e - a scroll of amnesia {unknown}
 i - a scroll of identify {unknown}
 j - 2 scrolls of vulnerability {unknown}
 k - a scroll of brand weapon {unknown}
 n - 2 scrolls of teleportation {unknown}
Potions
 b - 2 potions of haste
 f - 2 potions of heal wounds {unknown}
 l - a potion of curing {unknown}
 m - a potion of invisibility {unknown}
 o - a potion of attraction {unknown}


   Skills:
 + Level 2.9 Fighting
 + Level 1.4 Short Blades
 - Level 4.0 Crossbows
 + Level 1.5 Armour
 + Level 2.3 Dodging
 - Level 1.2 Stealth


You had 3 spell levels left.
You didn't know any spells.
Your spell library was empty.

Dungeon Overview and Level Annotations

Branches:
Dungeon (3/15)

Altars:
Hepliaklqana


Innate Abilities, Weirdness & Mutations

You cannot be hasted, slowed, berserked, paralysed or teleported.
You can dig through walls and to a lower floor.
You have a pair of large antennae on your head. (SInv)
Your four strong arms can wield two-handed weapons with a shield.


Message History

The hound skeleton bites you.
You take 4 damage, and have 14/34 hp.
You completely miss the hound skeleton.
The hound skeleton is moderately damaged.
The hound skeleton barely misses you.
You hit the hound skeleton.
The hound skeleton is heavily damaged.
The hound skeleton bites you but does no damage.
You hit the hound skeleton.
The hound skeleton is severely damaged.
The hound skeleton closely misses you. The hound skeleton bites you.
You barely miss the hound skeleton.
The hound skeleton is severely damaged.
The endoplasm freezes you.
You are frozen.
* * * LOW HITPOINT WARNING * * *
The hound skeleton bites you.
* * * LOW HITPOINT WARNING * * *
You take 5 damage, and have 9/34 hp.
You barely miss the hound skeleton.
The hound skeleton is severely damaged.
The hound skeleton barely misses you. The endoplasm freezes you.
You are frozen.
* * * LOW HITPOINT WARNING * * *
You take 3 damage, and have 6/34 hp.
You barely miss the hound skeleton.
The hound skeleton is severely damaged.
The hound skeleton bites you but does no damage.
The endoplasm freezes you.
You are frozen.
* * * LOW HITPOINT WARNING * * *
You take 5 damage, and have 1/34 hp.
The hound skeleton bites you but does no damage.
The hound skeleton misses you.
It was a potion of haste.
Your stasis prevents you from being hasted.
The endoplasm freezes you.
You are frozen.
You die...

... ..#####
.....# #....
#.... . #...# .
....#..Z####....
......[J@.......
.....?..........
.............###
###..........#
#..........#
#..........#
#..........#
############


You could see an endoplasm and a hound skeleton.

Vanquished Creatures
  An adder (D:2)
  A worm (D:2)
  2 dart slugs
  2 endoplasms (D:1)
  4 giant cockroaches (D:1)
  2 hobgoblins
  3 kobolds
  A quokka (D:1)
  3 ball pythons (D:1)
  5 bats
  2 frilled lizards
  3 goblins
  5 rats
34 creatures vanquished.

Notes
Turn   | Place    | Note
-------+----------+-------------------------------------------
     0 | D:1      | tatocazan the Formicid Hunter began the quest for the Orb.
     0 | D:1      | Reached XP level 1. HP: 16/16 MP: 1/1
   552 | D:1      | Reached XP level 2. HP: 19/23 MP: 2/2
   721 | D:1      | Reached skill level 1 in Short Blades
   773 | D:1      | Reached skill level 1 in Armour
   825 | D:1      | Reached XP level 3. HP: 28/28 MP: 3/3
  1289 | D:2      | Found a hazy altar of Hepliaklqana.
  1436 | D:2      | Found a faded altar of an unknown god.
  1463 | D:2      | Noticed a phantom
  1473 | D:2      | You fall into a shaft and drop 1 floor!
  1641 | D:3      | Reached XP level 4. HP: 30/34 MP: 4/4
  1712 | D:3      | You fall into a shaft and drop 1 floor!
  1721 | D:4      | HP: 1/34 [frozen (5)]
  1723 | D:4      | Frozen to death by an endoplasm

Illustrated notes

Levels and vault maps discovered:
D:1:      sevenhm_arrival_forest_fort_large_4, layout_rooms
D:2:      layout_rooms, basic_altar, ebering_ecumenical_altar_mist,
          kennysheep_generic_room_12
D:3:      layout_rooms, cheibrodos_sewer_entry_drain, serial_shops,
          nicolae_shop_trees, minmay_ruptured, uniq_sigmund
D:4:      layout_basic, uniq_pikel

Skill      XL: |  1  2 |
---------------+-------+-----
Dodging        | 2 |  2.3
Short Blades   | 1 |  1.4
Armour         | 1 |  1.5
Fighting       | |  2.9
Crossbows      | |  4.0
Stealth        | |  1.2

Action                   |  1- 3 |  4- 6 || total
-------------------------+-------+-------++-------
Melee: Short sword       |    57 |       ||    57
       Dagger            |    64 |    11 ||    75
       Punch             |     2 |       ||     2
 Fire: Hand crossbow     |     1 |       ||     1
 Abil: Shaft Self        |     1 |     1 ||     2
  Use: Scroll            |     2 |       ||     2
       Potion            |       |     1 ||     1
 Stab: Sleeping          |     2 |       ||     2
Armor: Leather armour    |    33 |       ||    33
       Ring mail         |    14 |     4 ||    18
Dodge: Dodged            |    80 |     7 ||    87

Table legend: (Time is in decaauts)
 A = Elapsed time spent in this place.
 B = Non-inter-level travel time spent in this place.
 C = Inter-level travel time spent in this place.
 D = Time resting spent in this place.
 E = Time spent auto-exploring this place.
 F = Levels seen in this place.
 G = Mean time per level.
                   A        B        C        D        E       F      G
               +--------+--------+--------+--------+--------+-----+--------+
         Total |   1721 |   1662 |     59 |    491 |    854 |   4 |  430.2 |
       Dungeon |   1721 |   1662 |     59 |    491 |    854 |   4 |  430.2 |
               +--------+--------+--------+--------+--------+-----+--------+

Top non-repeatable levels by time:
     D:1: 1235 daAuts
     D:3: 238 daAuts
     D:2: 237 daAuts
     D:4: 10 daAuts
